 Dungeon Crawl Stone Soup version 0.30-a0-739-gea05faddec (webtiles) character file.

Game seed: 9026165028716561435

4034 timneilson the Protected (level 10, -8/60 HPs)
             Began as a Gargoyle Fighter on Feb 5, 2023.
             Was a Priest of Okawaru.
             Mangled by a komodo dragon (23 damage)
             ... on level 8 of the Dungeon.
             The game lasted 00:14:10 (7553 turns).

timneilson the Protected (Gargoyle Fighter)         Turns: 7553, Time: 00:14:11

Health: -8/60      AC: 25    Str: 19    XL:     10   Next: 24%
Magic:  11/13      EV: 11    Int: 10    God:    Okawaru [***...]
Gold:   295        SH:  7    Dex: 13    Spells: 9/9 levels left

rFire   . . .      SeeInvis .    o - +0 scimitar (flame)
rCold   + . .      Faith    .    c - +0 buckler
rNeg    + . .      Spirit   .    k - +0 chain mail
rPois   ∞          Reflect  .    y - +0 helmet
rElec   +          Harm     .    h - +1 cloak
rCorr   .          Rampage  .    (no gloves)
Will    .....                    t - +0 pair of boots Stlth
                                 (no amulet)
HPRegen 0.30/turn                m - ring of protection from cold
MPRegen 0.13/turn                (no ring)

@: heroic
A: sickness immunity, AC +7, negative energy resistance 1, electricity
resistance, torment resistance 1, petrification resistance
a: Renounce Religion, Heroism


You were on level 8 of the Dungeon.
You worshipped Okawaru.
Okawaru was most pleased with you.
You visited 1 branch of the dungeon, and saw 8 of its levels.

You collected 457 gold pieces.
You spent 162 gold pieces at shops.

Inventory:

Hand Weapons
 a - a +0 long sword of protection
 o - a +0 scimitar of flaming (weapon)
Missiles
 v - 3 throwing nets (quivered)
Armour
 c - a +0 buckler (worn)
 h - a +1 cloak (worn)
 k - a +0 chain mail (worn)
 t - a +0 pair of boots (worn)
 y - a +0 helmet (worn)
 A - a +0 plate armour
Jewellery
 m - a ring of protection from cold (left hand)
 B - a ring of magical power
 C - a ring of ice
Wands
 l - a wand of quicksilver (7)
 p - a wand of charming (6)
Scrolls
 b - 4 scrolls of blinking
 r - 2 scrolls of teleportation
 s - a scroll of fog
 w - 2 scrolls of magic mapping
 x - a scroll of fear
Potions
 d - 3 potions of might
 e - 3 potions of ambrosia
 f - a potion of resistance {unknown}
 g - 2 potions of mutation
 i - a potion of brilliance {unknown}
 j - 3 potions of curing
 n - 2 potions of berserk rage
 q - a potion of heal wounds
 u - 5 potions of haste
 z - a potion of magic {unknown}


   Skills:
 + Level 6.0(11.0) Fighting
 * Level 6.3(11.3) Long Blades
 * Level 8.1(13.1) Armour
 + Level 3.5(8.5) Dodging
 * Level 8.0(13.0) Shields
 + Level 4.2 Invocations
 + Level 3.5 Evocations


You had 9 spell levels left.
You didn't know any spells.
Your spell library contained the following spells:

 Spells                   Type           Power      Damage    Failure   Level
 Apportation              Tloc           0%         N/A       96%         1
 Necrotise                Necr           0%         1d4       96%         1
 Sandblast                Erth           0%         2d4       96%         1
 Passwall                 Tmut/Erth      0%         N/A       99%         2
 Wereblood                Tmut           0%         N/A       99%         2
 Stone Arrow              Conj/Erth      0%         3d7       100%        3
 Yara's Violent Unravell  Hex/Tmut       0%         3d3       100%        5
 Enfeeble                 Hex            0%         N/A       100%        7
 Summon Small Mammal      Summ           Unusable   N/A       N/A         1
 Sublimation of Blood     Necr           Unusable   N/A       N/A         2
 Summon Hydra             Summ           Unusable   N/A       N/A         7

Dungeon Overview and Level Annotations

Branches:
Dungeon (8/15)             Temple (0/1) D:7            Lair (0/5) D:8

Altars:
Ashenzari
Okawaru

Shops:
D:4 ((*[   D:5 [

Annotations:
D:6 1 runed translucent door, TheSexyCheese's ghost, novice DrBe


Innate Abilities, Weirdness & Mutations

You are immune to sickness and miasma.
Your stone body is resilient. (AC +7)
You are immune to poison.
You resist negative energy. (rN+)
You are resistant to electric shocks. (rElec)
You are resistant to unholy torment.
You are immune to petrification.


Message History

You see here 8 stones.
The komodo dragon hisses angrily.
The komodo dragon bites you but does no damage.
You hit the komodo dragon. You burn the komodo dragon.
The komodo dragon is lightly wounded.
You block the komodo dragon's attack.
You closely miss the komodo dragon.
The komodo dragon is lightly wounded.
The komodo dragon bites you but does no damage.
You slash the komodo dragon! You burn the komodo dragon.
The komodo dragon is moderately wounded.
The komodo dragon barely misses you.
You hit the komodo dragon but do no damage.
The komodo dragon is moderately wounded.
The komodo dragon bites you!
You completely miss the komodo dragon.
The komodo dragon is moderately wounded.
The komodo dragon bites you!!
You completely miss the komodo dragon.
The komodo dragon is moderately wounded.
The komodo dragon bites you but does no damage.
You barely miss the komodo dragon.
The komodo dragon is moderately wounded.
You block the komodo dragon's attack. The komodo dragon bites you.
You slash the komodo dragon! You burn the komodo dragon.
The komodo dragon is severely wounded.
The komodo dragon bites you!
* * * LOW HITPOINT WARNING * * *
You feel much better. You block the komodo dragon's attack.
You hit the komodo dragon but do no damage.
The komodo dragon is severely wounded.
The komodo dragon closely misses you.
You barely miss the komodo dragon.
The komodo dragon is severely wounded.
The komodo dragon bites you!!
* * * LOW HITPOINT WARNING * * *
You gain the combat prowess of a mighty hero.
You can no longer speed up your combat.
The komodo dragon bites you!!
You die...

.# #.......##.....# #...#
.#########.......##.....#####...#
.................'......))).....+
##########.......##..)..#####...#
PPPPP##.............##### #...#
PPPPPP#.####........# #...#
.PPP....# #........# #....
PPPP....# #....l÷..# #....
PP.....## #....@...# ####.
......## #........# #.
.....########.......# #.
...####....>........# #.
....#.#.####........# #.
....#.#.# #.##.##### #. ....#.#.#
#.##.## ###### #.
....#.#.####.##..######....# #.
....#.#...##........(.#.##.# ##


You could see a komodo dragon.

Vanquished Creatures
  2 two-headed ogres
  A wyvern (D:7)
  A steam dragon (D:8)
  A water moccasin (D:7)
  A sky beast (D:8)
  An ice beast (D:5)
  A black bear (D:7)
  An orc warrior (D:8)
  2 ogres
  2 centaurs
  2 phantoms
  A kobold brigand (D:6)
  2 bullfrogs
  A necrophage (D:6)
  3 scorpions
  2 gnoll sergeants
  7 wights
  2 hounds
  4 orc priests
  A gnoll bouda (D:8)
  3 iguanas
  6 orc wizards
  12 gnolls
  6 adders
  4 white imps
  An ufetubus (D:6)
  A worm (D:4)
  A dart slug (D:5)
  29 orcs
  7 bats
  7 endoplasms
  3 giant cockroaches
  9 goblins
  10 hobgoblins
  3 quokkas
  6 ball pythons
  2 frilled lizards
  7 kobolds
  7 rats
162 creatures vanquished.

Vanquished Creatures (others)
  A gnoll (D:8)
  16 plants
17 creatures vanquished.

Grand Total: 179 creatures vanquished

Notes
Turn   | Place    | Note
-------+----------+-------------------------------------------
     0 | D:1      | timneilson the Gargoyle Fighter began the quest for the
                  | Orb.
     0 | D:1      | Reached XP level 1. HP: 14/14 MP: 1/1
   372 | D:1      | Reached XP level 2. HP: 14/19 MP: 2/2
   906 | D:2      | Found a faded altar of an unknown god.
   933 | D:2      | Reached XP level 3. HP: 23/23 MP: 3/3
  1389 | D:3      | Reached XP level 4. HP: 25/28 MP: 4/4
  2145 | D:4      | Noticed a phantom
  2158 | D:4      | Killed a phantom
  2159 | D:4      | Reached skill level 1 in Dodging
  2159 | D:4      | Reached XP level 5. HP: 33/33 MP: 5/5
  2257 | D:4      | Found Guruonu's Weapon Shop.
  2268 | D:4      | Found Hyodd's General Store.
  2275 | D:4      | Found Movvin's Antique Armour Emporium.
  2277 | D:4      | Bought a +0 scimitar for 48 gold pieces
  2322 | D:4      | Reached XP level 6. HP: 27/38 MP: 6/6
  2452 | D:4      | Found Lasuntiq's Weapon Emporium.
  2498 | D:4      | Bought a scroll of brand weapon for 114 gold pieces
  2779 | D:4      | Found an iron altar of Okawaru.
  2928 | D:4      | Became a worshipper of Warmaster Okawaru
  3113 | D:4      | Found a broken altar of Ashenzari.
  3165 | D:5      | Entered Level 5 of the Dungeon
  3363 | D:5      | Reached skill level 5 in Armour
  3565 | D:5      | Reached skill level 5 in Shields
  3567 | D:5      | Reached XP level 7. HP: 43/43 MP: 7/7
  3575 | D:5      | Reached skill level 1 in Invocations
  3632 | D:5      | Reached skill level 1 in Evocations
  4107 | D:5      | Found Lir Ehur's Antique Armour Shoppe.
  4433 | D:6      | Reached * piety under Okawaru
  4434 | D:6      | Reached XP level 8. HP: 28/48 MP: 9/9
  4460 | D:6      | Found a runed translucent door.
  4462 | D:6      | Noticed TheSexyCheese's ghost (novice DrBe)
  5433 | D:7      | Noticed a wyvern
  5443 | D:7      | Killed a wyvern
  5651 | D:7      | Reached ** piety under Okawaru
  5770 | D:7      | Reached skill level 5 in Fighting
  5806 | D:7      | Found a staircase to the Ecumenical Temple.
  5845 | D:7      | Reached XP level 9. HP: 37/54 MP: 11/11
  5848 | D:7      | Reached skill level 5 in Long Blades
  6645 | D:7      | Noticed a two-headed ogre
  6654 | D:7      | Killed a two-headed ogre
  6654 | D:7      | Reached *** piety under Okawaru
  6748 | D:8      | Noticed a two-headed ogre
  6760 | D:8      | Killed a two-headed ogre
  6761 | D:8      | Reached XP level 10. HP: 36/60 MP: 10/12
  7291 | D:8      | Reached **** piety under Okawaru
  7396 | D:8      | Found a staircase to the Lair.
  7553 | D:8      | Mangled by a komodo dragon

Illustrated notes

Levels and vault maps discovered:
D:1:      tekkud_arrival_beachfront_property, layout_loops_corners,
          nrook_loot_triangle
D:2:      layout_rooms, shapermc_ecumenical_altar_acropolis
D:3:      layout_basic, patterned_corridor
D:4:      layout_loops_ring, general_overflow_altar, okawaru_trees_1,
          serial_shops, nicolae_shop_crystal, shop, nicolae_inconvenience_store,
          nicolae_shop_crystal
D:5:      layout_gridville, serial_shops, shop
D:6:      layout_basic, ebering_ghost_sewer_d, lexackson_kobold_supper
D:7:      layout_loops_corners, minmay_temple_entry_butterflies
D:8:      layout_basic, david_lair_shrubbed

Skill      XL: |  1  2  3  4  5  6  7  8  9 10 |
---------------+-------------------------------+-----
Long Blades    | 2 3 4 6 |  6.3
Armour         | 4 5 6 7 8 |  8.1
Shields        | 4 5 6 7 8 |  8.0
Dodging        | 1 2 3 |  3.5
Fighting       | 4 5 6 |  6.0
Invocations    | 1 2 3 4 |  4.2
Evocations     | 1 2 3 |  3.5

Action                     |  1- 3 |  4- 6 |  7- 9 | 10-12 || total
---------------------------+-------+-------+-------+-------++-------
  Melee: Long sword        |   111 |    90 |       |       ||   201
         Scimitar          |       |   116 |   316 |    97 ||   529
 Invoke: Heroism           |       |       |     3 |     2 ||     5
    Use: Scroll            |     4 |     6 |     2 |     3 ||    15
         Potion            |       |       |     1 |     2 ||     3
 Armour: Scale mail        |    80 |       |       |       ||    80
         Chain mail        |     5 |   168 |   250 |    60 ||   483
  Dodge: Dodged            |    44 |    67 |   100 |    30 ||   241
  Block: Buckler           |    20 |    41 |    80 |    30 ||   171

Table legend: (Time is in decaauts)
 A = Elapsed time spent in this place.
 B = Non-inter-level travel time spent in this place.
 C = Inter-level travel time spent in this place.
 D = Time resting spent in this place.
 E = Time spent auto-exploring this place.
 F = Levels seen in this place.
 G = Mean time per level.
                   A        B        C        D        E       F      G
               +--------+--------+--------+--------+--------+-----+--------+
         Total |   7698 |   7453 |    245 |      0 |   5612 |   8 |  962.2 |
       Dungeon |   7698 |   7453 |    245 |      0 |   5612 |   8 |  962.2 |
               +--------+--------+--------+--------+--------+-----+--------+

Top non-repeatable levels by time:
     D:7: 1500 daAuts
     D:4: 1122 daAuts
     D:5: 1088 daAuts
     D:6: 988 daAuts
     D:8: 873 daAuts
     D:1: 860 daAuts
     D:3: 808 daAuts
     D:2: 457 daAuts
